 Dungeon Crawl Stone Soup version 0.30-a0-166-g5d06c95188 (webtiles) character file.

Game seed: 17814340452009815125

728 qw the Chopper (level 7, 0/43 HPs)
             Began as a Gargoyle Fighter on Sept 28, 2022.
             Slain by a lemure (5 damage)
             ... led by Pikel
             ... on level 5 of the Dungeon.
             The game lasted 00:01:22 (3352 turns).

qw the Chopper (Gargoyle Fighter)                   Turns: 3352, Time: 00:01:23

Health: 0/43       AC: 17    Str: 26 (28) XL:     7   Next: 72%
Magic:  7/7        EV: 12    Int:  7 (8)  God:
Gold:   161        SH:  8    Dex:  6 (9)  Spells: 6/6 levels left

rFire   . . .      SeeInvis .    Y - +0 war axe (vorpal)
rCold   . . .      Faith    .    j - +0 kite shield
rNeg    + . .      Spirit   .    b - +0 scale mail
rPois   inf        Reflect  .    (no helmet)
rElec   +          Harm     .    (no cloak)
rCorr   .          Rampage  .    r - +2 pair of gloves
Will    .....                    c - +0 pair of boots
Stlth   ..........               (no amulet)
HPRegen 0.14/turn                p - +6 ring of strength
MPRegen 0.10/turn                q - +4 ring of evasion

@: no status effects
A: sickness immunity, AC +4, negative energy resistance 1, electricity
resistance, torment resistance 1, petrification resistance, iridescent scales 1
a: no special abilities


You were on level 5 of the Dungeon.
You visited 2 branches of the dungeon, and saw 6 of its levels.

You collected 161 gold pieces.


Innate Abilities, Weirdness & Mutations

You are immune to sickness and miasma.
Your stone body is resilient. (AC +4)
You are immune to poison.
You resist negative energy. (rN+)
You are resistant to electric shocks. (rElec)
You are resistant to unholy torment.
You are immune to petrification.
You are partially covered in iridescent scales. (AC +2)


   Skills:
 - Level 4.1 Fighting
 + Level 5.9 Axes
 - Level 1.0 Throwing
 - Level 3.2 Armour
 - Level 1.3 Dodging
 - Level 5.6 Shields


You had 6 spell levels left.
You didn't know any spells.
Your spell library was empty.

Inventory:

Hand Weapons
 a - a +0 flail of venom
 Y - a +0 vorpal war axe (weapon)
Missiles
 o - 3 boomerangs (quivered)
Armour
 b - a +0 scale mail (worn)
 c - a +0 pair of boots (worn)
 j - a +0 kite shield (worn)
 r - a +2 pair of gloves (worn)
Jewellery
 p - a +6 ring of strength (left hand)
 q - a +4 ring of evasion (right hand)
Scrolls
 e - a scroll of identify
Potions
 d - a potion of might
 g - a potion of curing
 i - a potion of mutation
 k - a potion of magic {unknown}

Dungeon Overview and Level Annotations

Branches:
Dungeon (5/15)             Temple (1/1) D:4

Altars:
Ashenzari
Cheibriados
Dithmenos
Elyvilon
Fedhas
Hepliaklqana
Kikubaaqudgha
Makhleb
Sif Muna
Uskayaw
Vehumet
Wu Jian
Xom
Yredelemnul
Zin
The Shining One

Shops:
D:5 :

Annotations:
D:5 Pikel


Message History

The lemure barely misses you.
You closely miss Pikel.
Pikel is heavily wounded.
You hit the lemure. You miss the lemure. Pikel closely misses you.
You block the lemure's attack. x2
The lemure hits you but does no damage. The lemure hits you.
You block Pikel's attack.
You closely miss Pikel.
Pikel is heavily wounded.
You hit the lemure but do no damage. You barely miss the lemure.
Pikel closely misses you. The lemure hits you but does no damage.
The lemure closely misses you.
You barely miss Pikel.
Pikel is heavily wounded.
You closely miss the lemure. You barely miss the lemure.
Pikel barely misses you. The lemure hits you but does no damage.
The lemure hits you. Pikel closely misses you. You block the lemure's attack.
You miss Pikel.
Pikel is moderately wounded.
You closely miss the lemure. You hit the lemure. x2
The lemure closely misses you. Pikel hits you but does no damage.
You block the lemure's attack. The lemure barely misses you.
You hit the lemure but do no damage.
The lemure is heavily wounded.
You closely miss Pikel. You closely miss the lemure. You hit the lemure.
The lemure hits you. Pikel hits you but does no damage.
The lemure hits you but does no damage. You block the lemure's attack.
You closely miss the lemure.
The lemure is heavily wounded.
You barely miss the lemure. You hit the lemure but do no damage.
You miss Pikel.
Pikel hits you with a +1 whip of freezing.
Pikel freezes you. The lemure hits you. The lemure barely misses you.
The lemure hits you but does no damage. You block the lemure's attack. x2
Pikel misses you. The lemure barely misses you.
You miss the lemure.
The lemure is heavily wounded.
You hit Pikel but do no damage. You hit the lemure. You slash the lemure!
Pikel hits you with a +1 whip of freezing.
Pikel freezes you. The lemure hits you but does no damage. The lemure hits you.
You die...

..##.#..#... ##.....#
#.......#... #......#
#......#.. #......#
#......#.. #......#
#......#.# ........
#......#.# ........
###.....##.#######......
.(....K5................
.....##@...####..###....
......55................
.....##....#########....
.... ##.............#.#
### ###................
......##.........#.#
..........#######.#.#
......##....### # #.#
...... ##.#...###.#..


You could see Pikel and 3 lemures.

Vanquished Creatures
  An ogre (D:4)
  A lemure (D:5)
  A phantom (D:5)
  2 necrophages (D:4)
  2 scorpions (D:4)
  A hound (D:5)
  2 orc priests
  2 iguanas
  2 orc wizards (D:4)
  A gnoll (D:1)
  5 adders
  A worm (D:2)
  9 orcs
  6 ball pythons
  5 bats
  10 endoplasms
  6 giant cockroaches
  8 goblins
  4 hobgoblins
  3 jackals (D:3)
  2 quokkas
  2 frilled lizards (D:3)
  3 kobolds
  7 rats
86 creatures vanquished.

Notes
Turn   | Place    | Note
-------+----------+-------------------------------------------
     0 | D:1      | qw the Gargoyle Fighter began the quest for the Orb.
     0 | D:1      | Reached XP level 1. HP: 14/14 MP: 1/1
     0 | D:1      | 0 ||| qw: Version: 0.2-a-12-gaebbb33
     0 | D:1      | 0 ||| qw: Game counter: 1006
     0 | D:1      | 0 ||| qw: Always use a shield: true
     0 | D:1      | 0 ||| qw: God list: Okawaru
     0 | D:1      | 0 ||| qw: Allow faded altars: false
     0 | D:1      | 0 ||| qw: Do Orc after D:15 true
     0 | D:1      | 0 ||| qw: Do second Lair branch before Depths: true
     0 | D:1      | 0 ||| qw: Lair rune preference: random
     0 | D:1      | 0 ||| qw: Plans: Normal, Zot:1-4, God:TSO, Crypt, Tomb,
                  | Pan, Slime:5, Hells, Abyss, Orb
     0 | D:1      | 0 ||| PLANNING D:1-11
    22 | D:1      | Found a faded altar of an unknown god.
   175 | D:1      | 175 ||| Stepping ~*~*~tactically~*~*~ (stealth).
   180 | D:1      | 180 ||| Stepping ~*~*~tactically~*~*~ (stealth).
   189 | D:1      | Reached XP level 2. HP: 19/19 MP: 2/2
   239 | D:1      | 239 ||| Stepping ~*~*~tactically~*~*~ (stealth).
   249 | D:1      | Reached skill level 3 in Axes
   334 | D:1      | 334 ||| DROPPING +0 club.
   372 | D:1      | Reached XP level 3. HP: 23/23 MP: 3/3
   654 | D:1      | 654 ||| UPGRADING to +0 kite shield.
   664 | D:1      | 664 ||| DROPPING +0 buckler.
   665 | D:1      | 665 ||| DROPPING ring of wizardry.
   666 | D:1      | 666 ||| READING scroll labelled ZUSIRA AWISCH.
   688 | D:2      | 688 ||| Stepping ~*~*~tactically~*~*~ (stealth).
   817 | D:2      | Found a shadowy altar of Dithmenos.
   997 | D:2      | Reached skill level 1 in Throwing
  1044 | D:2      | 1044 ||| UPGRADING to +0 pair of boots.
  1049 | D:2      | 1049 ||| DROPPING ring of flight.
  1050 | D:2      | 1050 ||| READING scroll labelled BUASSOAWOE.
  1051 | D:2      | 1051 ||| DRINKING 2 ruby potions.
  1051 | D:2      | Gained mutation: You are partially covered in iridescent
                  | scales. (AC +2) [potion of mutation]
  1073 | D:3      | Reached XP level 4. HP: 28/28 MP: 4/4
  1202 | D:3      | 1202 ||| DROPPING +0 whip.
  1328 | D:3      | 1328 ||| Stepping ~*~*~tactically~*~*~ (stealth).
  1438 | D:3      | 1438 ||| Stepping ~*~*~tactically~*~*~ (stealth).
  1880 | D:3      | 1880 ||| UPGRADING to +2 pair of gloves.
  1885 | D:3      | 1885 ||| UPGRADING to +6 ring of strength.
  1886 | D:3      | 1886 ||| UPGRADING to +4 ring of evasion.
  1887 | D:3      | 1887 ||| READING scroll labelled MAINEIJ HITWO.
  1888 | D:3      | 1888 ||| READING 4 scrolls labelled YRUR URPHUDE.
  1889 | D:3      | 1889 ||| READING scroll labelled YNTECR GU VEN.
  1890 | D:3      | 1890 ||| READING 3 scrolls of identify.
  1890 | D:3      | 1890 ||| IDENTIFYING dark potion
  1891 | D:3      | 1891 ||| READING 2 scrolls of identify.
  1891 | D:3      | 1891 ||| IDENTIFYING glowing inky potion
  1892 | D:3      | 1892 ||| DROPPING potion of flight.
  1906 | D:4      | Noticed a necrophage
  1916 | D:4      | Killed a necrophage
  1917 | D:4      | Reached XP level 5. HP: 28/32 MP: 5/5
  1917 | D:4      | 1917 ||| STAIRDANCE
  1976 | D:4      | Found a staircase to the Ecumenical Temple.
  1977 | D:4      | 1977 ||| PLANNING TEMPLE
  1977 | D:4      | 1977 ||| FLEEEEING.
  1978 | D:4      | 1978 ||| FLEEEEING.
  1979 | D:4      | 1979 ||| FLEEEEING.
  1980 | D:4      | 1980 ||| FLEEEEING.
  1981 | D:4      | 1981 ||| FLEEEEING.
  1982 | D:4      | 1982 ||| FLEEEEING.
  1983 | D:4      | 1983 ||| FLEEEEING.
  1984 | D:4      | 1984 ||| FLEEEEING.
  1985 | D:4      | 1985 ||| FLEEEEING.
  1986 | D:4      | 1986 ||| FLEEEEING.
  1988 | D:4      | 1988 ||| FLEEEEING.
  1989 | D:4      | 1989 ||| FLEEEEING.
  1990 | D:4      | 1990 ||| FLEEEEING.
  1991 | D:4      | 1991 ||| FLEEEEING.
  1992 | D:4      | 1992 ||| FLEEEEING.
  1993 | D:4      | 1993 ||| STAIRDANCE
  2000 | D:4      | 2000 ||| STAIRDANCE
  2182 | Temple   | Entered the Ecumenical Temple
  2182 | Temple   | Found a transporter.
  2182 | Temple   | Found a transporter.
  2184 | Temple   | Found a transporter.
  2184 | Temple   | Found a transporter.
  2194 | Temple   | 2194 ||| PLANNING D:1-11
  2339 | D:4      | Found a shimmering blue altar of Sif Muna.
  2422 | D:4      | Noticed an ogre
  2424 | D:4      | 2424 ||| Stepping ~*~*~tactically~*~*~ (stealth).
  2425 | D:4      | 2425 ||| Stepping ~*~*~tactically~*~*~ (stealth).
  2428 | D:4      | 2428 ||| Stepping ~*~*~tactically~*~*~ (stealth).
  2431 | D:4      | Killed an ogre
  2432 | D:4      | Reached XP level 6. HP: 37/37 MP: 6/6
  2561 | D:4      | 2561 ||| DROPPING +0 flail.
  2711 | D:4      | Found a burning altar of Makhleb.
  2811 | D:4      | Reached skill level 1 in Dodging
  2811 | D:4      | Reached XP level 7. HP: 41/41 MP: 7/7
  2951 | D:4      | 2951 ||| READING scroll labelled TUORGH BEHUYNKI.
  2952 | D:4      | 2952 ||| DRINKING 2 lumpy red potions.
  2953 | D:4      | 2953 ||| DROPPING potion of degeneration.
  2964 | D:5      | Entered Level 5 of the Dungeon
  2974 | D:5      | 2974 ||| FLEEEEING.
  2975 | D:5      | 2975 ||| FLEEEEING.
  2976 | D:5      | 2976 ||| FLEEEEING.
  2977 | D:5      | 2977 ||| FLEEEEING.
  2977 | D:5      | Found Ecuper's Vocational Training.
  2978 | D:5      | 2978 ||| FLEEEEING.
  2979 | D:5      | 2979 ||| FLEEEEING.
  2980 | D:5      | 2980 ||| FLEEEEING.
  2981 | D:5      | 2981 ||| STAIRDANCE
  3030 | D:5      | 3030 ||| STAIRDANCE
  3050 | D:5      | 3050 ||| STAIRDANCE
  3177 | D:5      | 3177 ||| Stepping ~*~*~tactically~*~*~ (hiding).
  3182 | D:5      | 3182 ||| STAIRDANCE
  3189 | D:4      | 3189 ||| DRINKING 2 potions of curing.
  3189 | D:4      | 3189 ||| (to cure confusion)
  3335 | D:5      | 3335 ||| Stepping ~*~*~tactically~*~*~ (stealth).
  3336 | D:5      | Noticed Pikel
  3337 | D:5      | 3337 ||| Stepping ~*~*~tactically~*~*~ (stealth).
  3352 | D:5      | HP: 7/43 [Pikel/+1 whip of freezing (5)]
  3352 | D:5      | Slain by a lemure

Levels and vault maps discovered:
D:1:      nzn_arrival_crosshair, layout_rooms, hellmonk_ecumenical_altar_run_dry
D:2:      layout_rooms, basic_altar
D:3:      minmay_diamond_boxcup, layout_basic, minivault_19, st_stairs_8,
          chequers_serial_rivers_large_a
D:4:      layout_loops_ring, led_sif_book, mainiacjoe_overflow_chevrons,
          minmay_temple_entry_mini_moons
D:5:      layout_basic, serial_shops, nicolae_shop_window_shopping,
          nicolae_shop_vocational, uniq_pikel
Temple:   hellmonk_temple_divided_pantheon

Skill      XL: |  1  2  3  4  5  6  7 |
---------------+----------------------+-----
Axes           | 2 3 4 5 |  5.9
Throwing       | 1 |  1.0
Shields        | 4 5 |  5.6
Dodging        | 1 |  1.3
Fighting       | 4 |  4.1
Armour         | |  3.2

Action                   |  1- 3 |  4- 6 |  7- 9 || total
-------------------------+-------+-------+-------++-------
Melee: War axe           |    63 |    65 |    51 ||   179
Throw: Javelin           |    33 |    16 |     4 ||    53
       Boomerang         |     4 |    29 |     5 ||    38
  Use: Scroll            |     2 |     5 |     1 ||     8
       Potion            |     1 |       |     2 ||     3
Armor: Scale mail        |    24 |    24 |    31 ||    79
Dodge: Dodged            |    45 |    14 |    29 ||    88
Block: Buckler           |    11 |       |       ||    11
       Kite shield       |     4 |    22 |    24 ||    50

Table legend:
 A = Non-vault XP
 B = Vault XP
 C = Vault XP percentage of total XP
 D = Non-vault monster count
 E = Vault monster count
 F = Vault count percentage of total count
                 A         B        C        D         E       F
            +---------+---------+-------+---------+---------+-------
      Total |    1023 |      18 |   1.7 |      76 |       9 |  10.6
            +---------+---------+-------+---------+---------+-------
        D:1 |      43 |       0 |   0.0 |      20 |       0 |   0.0
        D:2 |      35 |       0 |   0.0 |      12 |       0 |   0.0
        D:3 |      22 |      18 |  45.0 |      12 |       9 |  42.9
        D:4 |     693 |       0 |   0.0 |      28 |       0 |   0.0
        D:5 |     230 |       0 |   0.0 |       4 |       0 |   0.0
            +---------+---------+-------+---------+---------+-------
